 Dungeon Crawl Stone Soup version 0.21-a0-331-gfb491b4 (webtiles) character file.

11113 tidbits the Infuser (level 11, -4/86 HPs)
             Began as a Gnoll Skald on Oct 2, 2017.
             Was a Believer of Cheibriados.
             Slain by a yak (8 damage)
             ... on level 1 of the Lair of Beasts.
             The game lasted 00:26:25 (4064 turns).

tidbits the Infuser (Gnoll Skald)                   Turns: 4064, Time: 00:26:25

Health: -4/86      AC:  9    Str: 19    XL:     11   Next: 72%
Magic:  11/23      EV: 17    Int: 27    God:    Cheibriados [**....]
Gold:   495        SH:  0    Dex: 20    Spells: 7/26 levels left

rFire    + . .     SeeInvis .   a - +3 war axe
rCold    . . .     Gourm    .   (no shield)
rNeg     . . .     Faith    .   B - +0 ring mail
rPois    .         Spirit   .   (no helmet)
rElec    .         Reflect  .   C - +0 cloak
rCorr    .         Harm     .   (no gloves)
MR       .....                  F - +0 pair of boots
Stlth    +++.......             (no amulet)
HPRegen  0.24/turn              R - +4 ring of intelligence
MPRegen  0.18/turn              q - ring of protection from fire

@: lethally poisoned (-4 -> -14), singing, slowed, very slow
A: distributed training, fangs 1, strong nose
a: Bend Time, Renounce Religion


You were on level 1 of the Lair of Beasts.
You worshipped Cheibriados.
Cheibriados was pleased with you.
You were not hungry.

You visited 3 branches of the dungeon, and saw 12 of its levels.
You also visited: Sewer.

You collected 495 gold pieces.

Inventory:

Hand Weapons
 a - a +3 war axe (weapon)
 u - a +0 morningstar
 w - a +0 blowgun
 G - the +0 dagger "Wiacis" {venom, rElec Int+4 Dex+7}
   (You found it on level 6 of the Dungeon)

   It poisons the flesh of those it strikes.
   It affects your intelligence (+4).
   It affects your dexterity (+7).
   It insulates you from electricity.
 P - a +2 flail of crushing
   (You found it on level 9 of the Dungeon)
Missiles
 s - 6 poisoned javelins (quivered)
 y - 125 arrows
 H - 7 tomahawks
Armour
 b - a +0 leather armour
 B - a +0 ring mail (worn)
 C - a +0 cloak (worn)
 F - a +0 pair of boots (worn)
Jewellery
 l - an uncursed ring of flight
   (You found it on level 1 of the Dungeon)
 q - a ring of protection from fire (right hand)
   (You found it on level 2 of the Dungeon)
 O - an uncursed ring of stealth
   (You found it on level 6 of the Dungeon)
 R - a +4 ring of intelligence (left hand)
   (You found it on level 10 of the Dungeon)
Wands
 m - a wand of digging (13/24)
 J - a wand of acid (2/15)
 L - a wand of scattershot (5/9)
 Q - a wand of digging (9/24)
Scrolls
 e - 2 scrolls of blinking
 h - 4 scrolls of amnesia
 k - 3 scrolls of noise {unknown}
 r - 4 scrolls of remove curse
 t - a scroll of fear {unknown}
 v - a scroll of recharging {unknown}
 z - a scroll of teleportation {unknown}
 D - 2 scrolls of immolation {unknown}
 E - a scroll of enchant armour {unknown}
 K - 2 scrolls of magic mapping {unknown}
 N - a scroll of brand weapon {unknown}
 T - a scroll of random uselessness {unknown}
 U - a scroll of enchant weapon {unknown}
 V - 2 scrolls of fog {unknown}
Potions
 f - 3 potions of might {unknown}
 g - 4 potions of flight
 i - 5 potions of brilliance
 j - 2 potions of haste {unknown}
 n - 6 potions of heal wounds
 o - a potion of ambrosia {unknown}
 p - 8 potions of curing
 x - 2 potions of agility {unknown}
 M - 2 potions of degeneration {unknown}
 W - a potion of mutation {unknown}
Books
 c - a book of Battle

   Spells                             Type                      Level
   a - Infusion                       Charms                       1
   b - Shroud of Golubria             Charms/Translocation         2
   c - Song of Slaying                Charms                       2
   d - Spectral Weapon                Hexes/Charms                 3
   e - Regeneration                   Charms/Necromancy            3
 X - a book of Necromancy
   (You found it on level 1 of the Lair of Beasts)

   Spells                             Type                      Level
   a - Pain                           Necromancy                   1
   b - Animate Skeleton               Necromancy                   1
   c - Vampiric Draining              Necromancy                   3
   d - Regeneration                   Charms/Necromancy            3
   e - Animate Dead                   Necromancy                   4
   f - Control Undead                 Necromancy                   4
Comestibles
 d - 13 bread rations
 A - 2 royal jellies
 I - 3 meat rations
 S - a chunk of flesh


   Skills:
 + Level 8.0 Fighting
 + Level 6.4 Short Blades
 + Level 6.4 Long Blades
 + Level 8.0 Axes
 + Level 6.4 Maces & Flails
 + Level 6.4 Polearms
 + Level 6.4 Staves
 + Level 6.4 Slings
 + Level 6.4 Bows
 + Level 6.4 Crossbows
 + Level 6.4 Throwing
 + Level 7.0 Armour
 + Level 8.0 Dodging
 + Level 6.4 Stealth
   Level 0.0 Stabbing
 + Level 6.4 Shields
   Level 0.0 Traps
 + Level 6.4 Unarmed Combat
 + Level 8.2 Spellcasting
 + Level 6.4 Conjurations
 + Level 6.4 Hexes
 + Level 9.3 Charms
 + Level 6.4 Summonings
 + Level 6.4 Necromancy
 + Level 6.4 Translocations
 + Level 6.4 Transmutations
 + Level 6.4 Fire Magic
 + Level 6.4 Ice Magic
 + Level 6.4 Air Magic
 + Level 6.4 Earth Magic
 + Level 6.4 Poison Magic
 + Level 6.4 Invocations
 + Level 6.4 Evocations


You had 7 spell levels left.
You knew the following spells:

 Your Spells              Type           Power        Failure   Level  Hunger
g - Shroud of Golubria    Chrm/Tloc      ######....   1%          2    None
n - Animate Skeleton      Necr           N/A          1%          1    None
r - Regeneration          Chrm/Necr      ######....   1%          3    None
u - Control Undead        Necr           #####.....   6%          4    ##.....
w - Spectral Weapon       Hex/Chrm       ######..     1%          3    None
y - Song of Slaying       Chrm           ######..     1%          2    None
N - Animate Dead          Necr           N/A          6%          4    ##.....


Dungeon Overview and Level Annotations

Branches:
Dungeon (10/15)            Temple (1/1) D:6            Lair (1/6) D:9
    Orc: D:9-12

Altars:
Cheibriados
Dithmenos
Elyvilon
Fedhas
Hepliaklqana
Nemelex Xobeh
Okawaru
Qazlal
Ru
Uskayaw
Vehumet
Wu Jian
Yredelemnul
Zin

Shops:
D:7 (   D:9 :(*:   D:10 %

Annotations:
D:9 1 runed door
Lair:1 Sonja


Innate Abilities, Weirdness & Mutations

Your experience applies equally to all skills.
You have very sharp teeth.
Your uncanny sense of smell can sniff out nearby items.


Message History

You slash the yak!
The yak is severely wounded.
You slash the yak! x2; Your spectral weapon hits the yak!
Your spectral weapon hits the yak.
Sonja casts a spell.
Sonja blinks!
The yak gores you!
* * * LOW HITPOINT WARNING * * *
You feel much better.
You feel sick. The yak gores you.
* * * LOW HITPOINT WARNING * * *
The yak misses you.
Unknown command.
You slice the yak!!
You kill the yak!
You hit the yak. You slash the yak! The yak gores you but does no damage.
The yak gores you!
* * * LOW HITPOINT WARNING * * *
Sonja unwields an uncursed dagger of distortion.
Its appearance distorts for a moment.
Sonja wields an uncursed blowgun.
Sonja shoots a curare-tipped needle.
The curare-tipped needle barely misses you.
Some of the chunks of flesh in your inventory have rotted away.
Unknown command.
You hit the yak. You bite the yak, but do no damage.
The yak is almost dead.
You barely miss the yak.
Your skin stops crawling.
You feel sick.
Your spectral weapon hits the yak!
You kill the yak!
Cheibriados appreciates the change of pace.
Your spectral weapon closely misses the yak.
The yak completely misses your spectral weapon.
Sonja shoots a curare-tipped needle.
The curare-tipped needle hits you.
You are more poisoned.
You have difficulty breathing.
* * * LOW HITPOINT WARNING * * *
You feel yourself slow down. The yak barely misses you.
You feel much better.
You feel sick.
Sonja shoots a curare-tipped needle.
The curare-tipped needle hits you.
You are more poisoned.
You have difficulty breathing.
* * * LOW HITPOINT WARNING * * *
You feel as though you will be slow longer.
The yak closely misses you.
The yak completely misses your spectral weapon.
Sonja gestures wildly while chanting.
Sonja blinks!
The yak gores you!
* * * LOW HITPOINT WARNING * * *
The yak gores your spectral weapon but does no damage.
The yak gores you!
* * * LOW HITPOINT WARNING * * *
Unknown command.
You slash the yak!
The yak is moderately wounded.
You hit the yak.
* * * LOW HITPOINT WARNING * * *
You feel very sick.
The yak is no longer moving slowly.
Your spectral weapon hits the yak! x2
The yak closely misses your spectral weapon.
The yak gores your spectral weapon!
Your spectral weapon shares its damage with you!
The yak barely misses you.
The yak barely misses your spectral weapon.
You feel much better.
You feel sick. The yak gores your spectral weapon!
Your spectral weapon shares its damage with you!
* * * LOW HITPOINT WARNING * * *
The yak gores you but does no damage.
Sonja casts a spell.
Sonja blinks!
The yak gores your spectral weapon!
Your spectral weapon shares its damage with you!
Your spectral weapon fades away.
* * * LOW HITPOINT WARNING * * *
The yak bellows!
You feel better.
Sonja shoots a curare-tipped needle.
The curare-tipped needle hits you.
You are poisoned.
You have difficulty breathing.
* * * LOW HITPOINT WARNING * * *
You feel as though you will be slow longer.
The yak barely misses you. The yak gores you but does no damage.
The yak completely misses you. The yak barely misses you.
The yak closely misses you.
Unknown command.
Evoke which item? (* to show all) (? for menu, Esc to quit)
Aiming: Corrosive Bolt
Press: ? - help, Shift-Dir - straight line, f - yak
Aim: a yak (almost dead)
Okay, then.
Casting: Spectral Weapon
Confirm with . or Enter, or press ? or * to list all spells.
You draw out your weapon's spirit!
You feel sick. The yak gores you.
* * * LOW HITPOINT WARNING * * *
Sonja shoots a curare-tipped needle.
The curare-tipped needle hits you.
You are more poisoned.
You have difficulty breathing.
* * * LOW HITPOINT WARNING * * *
You feel as though you will be slow longer.
The yak gores you.
* * * LOW HITPOINT WARNING * * *
The yak gores you!
You die...

P≈..≈....# #### ##### #
P≈≈.≈≈.P..###..####.P.###
≈≈..≈≈≈K.................
≈≈≈.l≈≈≈≈................
P≈≈≈≈≈≈≈≈...#########.##.
..P≈≈≈≈≈≈..## ####.
P...≈≈≈≈...# #.
...≈≈≈.Y..## ♣#
....≈.(.@Y# .
.....#.##Y.P# .. .......
........ ∆ .>. .......
........ ....
.....####....... #.♣.
..... #....... [ #. ....
....... # .... .......


You could see 3 yaks, a basilisk, Sonja and a friendly spectral enchanted war
axe.

Vanquished Creatures
  A hydra (Lair:1)
  4 two-headed ogres
  The ghost of Dominolapin the Gusty, a novice HuAE (D:5)
  A black mamba (Lair:1)
  2 kobold demonologists (D:9)
  A spiny frog (Lair:1)
  4 hippogriffs
  A spriggan (D:7)
  2 wraiths (D:10)
  11 yaks
  The ghost of vishdafish the Ducker, an amateur DsSk (Sewer)
  A porcupine (Lair:1)
  An ice beast (D:9)
  A sky beast (D:6)
  An ogre (D:9)
  2 black bears
  A centaur (D:6)
  2 crocodiles (Lair:1)
  3 big kobolds (Sewer)
  5 bullfrogs
  A gnoll sergeant (D:7)
  A wyvern skeleton (D:7)
  4 scorpions
  A killer bee (D:9)
  3 howler monkeys
  8 wights
  4 electric eels
  2 crimson imps
  A centaur skeleton (D:4)
  A jelly (D:10)
  4 hounds
  An orc priest (D:4)
  Jessica (D:3)
  2 orc wizards (D:4)
  10 worker ants
  4 hound skeletons
  A howler monkey skeleton (D:6)
  11 adders
  16 gnolls
  11 river rats
  A shadow imp (D:6)
  2 oozes
  2 adder skeletons
  2 worms
  12 dart slugs
  7 leopard geckos
  10 orcs
  4 giant cockroaches
  6 goblins
  4 hobgoblins (D:1)
  4 jackals (D:9)
  23 kobolds
  2 quokkas (D:3)
  3 ball pythons
  3 bats (D:1)
  2 frilled lizards
  26 rats
246 creatures vanquished.

Vanquished Creatures (others)
  A fungus (Lair:1)
  2 plants (D:6)
  5 spectral weapons
8 creatures vanquished.

Grand Total: 254 creatures vanquished

Notes
Turn   | Place    | Note
-------+----------+-------------------------------------------
     0 | D:1      | tidbits the Gnoll Skald began the quest for the Orb.
     0 | D:1      | Reached XP level 1. HP: 20/20 MP: 6/6
    95 | D:1      | Reached XP level 2. HP: 21/26 MP: 3/7
    99 | D:1      | Learned a level 2 spell: Song of Slaying
   102 | D:1      | Learned a level 2 spell: Shroud of Golubria
   259 | D:1      | Reached XP level 3. HP: 14/31 MP: 3/9
   289 | D:1      | Learned a level 3 spell: Regeneration
   293 | D:1      | Learned a level 3 spell: Spectral Weapon
   323 | D:1      | Reached skill level 5 in Spellcasting
   495 | D:2      | Reached skill level 1 in Short Blades
   495 | D:2      | Reached skill level 1 in Long Blades
   495 | D:2      | Reached skill level 1 in Maces & Flails
   495 | D:2      | Reached skill level 1 in Polearms
   495 | D:2      | Reached skill level 1 in Staves
   495 | D:2      | Reached skill level 1 in Slings
   495 | D:2      | Reached skill level 1 in Bows
   495 | D:2      | Reached skill level 1 in Crossbows
   495 | D:2      | Reached skill level 1 in Throwing
   495 | D:2      | Reached skill level 1 in Stealth
   495 | D:2      | Reached skill level 1 in Shields
   495 | D:2      | Reached skill level 1 in Unarmed Combat
   495 | D:2      | Reached skill level 1 in Conjurations
   495 | D:2      | Reached skill level 1 in Hexes
   495 | D:2      | Reached skill level 1 in Summonings
   495 | D:2      | Reached skill level 1 in Necromancy
   495 | D:2      | Reached skill level 1 in Translocations
   495 | D:2      | Reached skill level 1 in Transmutations
   495 | D:2      | Reached skill level 1 in Fire Magic
   495 | D:2      | Reached skill level 1 in Ice Magic
   495 | D:2      | Reached skill level 1 in Air Magic
   495 | D:2      | Reached skill level 1 in Earth Magic
   495 | D:2      | Reached skill level 1 in Poison Magic
   495 | D:2      | Reached skill level 1 in Invocations
   495 | D:2      | Reached skill level 1 in Evocations
   541 | D:2      | Reached XP level 4. HP: 38/38 MP: 4/11
   648 | D:3      | Noticed Jessica
   657 | D:3      | Killed Jessica
   798 | D:3      | Reached XP level 5. HP: 25/43 MP: 6/12
   861 | D:3      | Found a faded altar of an unknown god.
   870 | D:4      | Reached skill level 3 in Armour
   975 | D:5      | Entered Level 5 of the Dungeon
   981 | D:5      | Reached XP level 6. HP: 50/50 MP: 7/13
  1118 | D:5      | Reached skill level 5 in Fighting
  1118 | D:5      | Reached skill level 5 in Axes
  1118 | D:5      | Reached skill level 5 in Dodging
  1164 | D:5      | Reached skill level 2 in Short Blades
  1164 | D:5      | Reached skill level 2 in Long Blades
  1164 | D:5      | Reached skill level 2 in Maces & Flails
  1164 | D:5      | Reached skill level 2 in Polearms
  1164 | D:5      | Reached skill level 2 in Staves
  1164 | D:5      | Reached skill level 2 in Slings
  1164 | D:5      | Reached skill level 2 in Bows
  1164 | D:5      | Reached skill level 2 in Crossbows
  1164 | D:5      | Reached skill level 2 in Throwing
  1164 | D:5      | Reached skill level 2 in Stealth
  1164 | D:5      | Reached skill level 2 in Shields
  1164 | D:5      | Reached skill level 2 in Unarmed Combat
  1164 | D:5      | Reached skill level 2 in Conjurations
  1164 | D:5      | Reached skill level 2 in Hexes
  1164 | D:5      | Reached skill level 2 in Summonings
  1164 | D:5      | Reached skill level 2 in Necromancy
  1164 | D:5      | Reached skill level 2 in Translocations
  1164 | D:5      | Reached skill level 2 in Transmutations
  1164 | D:5      | Reached skill level 2 in Fire Magic
  1164 | D:5      | Reached skill level 2 in Ice Magic
  1164 | D:5      | Reached skill level 2 in Air Magic
  1164 | D:5      | Reached skill level 2 in Earth Magic
  1164 | D:5      | Reached skill level 2 in Poison Magic
  1164 | D:5      | Reached skill level 2 in Invocations
  1164 | D:5      | Reached skill level 2 in Evocations
  1253 | D:5      | Found a glowing drain.
  1258 | Sewer    | Entered a sewer
  1304 | Sewer    | Reached XP level 7. HP: 31/56 MP: 10/15
  1307 | Sewer    | Reached skill level 7 in Charms
  1452 | Sewer    | Noticed vishdafish's ghost (amateur DsSk)
  1462 | Sewer    | Killed vishdafish's ghost
  1486 | Sewer    | Reached XP level 8. HP: 57/63 MP: 10/16
  1915 | D:4      | Found a hazy altar of Hepliaklqana.
  1915 | D:4      | Found a sacrificial altar of Ru.
  1920 | D:4      | Found an ornate altar of the Wu Jian Council.
  1922 | D:4      | Found a sparkling altar of Nemelex Xobeh.
  1924 | D:4      | Found a blossoming altar of Fedhas.
  1927 | D:4      | Reached skill level 3 in Short Blades
  1927 | D:4      | Reached skill level 3 in Long Blades
  1927 | D:4      | Reached skill level 3 in Maces & Flails
  1927 | D:4      | Reached skill level 3 in Polearms
  1927 | D:4      | Reached skill level 3 in Staves
  1927 | D:4      | Reached skill level 3 in Slings
  1927 | D:4      | Reached skill level 3 in Bows
  1927 | D:4      | Reached skill level 3 in Crossbows
  1927 | D:4      | Reached skill level 3 in Throwing
  1927 | D:4      | Reached skill level 4 in Armour
  1927 | D:4      | Reached skill level 3 in Stealth
  1927 | D:4      | Reached skill level 3 in Shields
  1927 | D:4      | Reached skill level 3 in Unarmed Combat
  1927 | D:4      | Reached skill level 3 in Conjurations
  1927 | D:4      | Reached skill level 3 in Hexes
  1927 | D:4      | Reached skill level 3 in Summonings
  1927 | D:4      | Reached skill level 3 in Necromancy
  1927 | D:4      | Reached skill level 3 in Translocations
  1927 | D:4      | Reached skill level 3 in Transmutations
  1927 | D:4      | Reached skill level 3 in Fire Magic
  1927 | D:4      | Reached skill level 3 in Ice Magic
  1927 | D:4      | Reached skill level 3 in Air Magic
  1927 | D:4      | Reached skill level 3 in Earth Magic
  1927 | D:4      | Reached skill level 3 in Poison Magic
  1927 | D:4      | Reached skill level 3 in Invocations
  1927 | D:4      | Reached skill level 3 in Evocations
  2051 | D:5      | Noticed Dominolapin's ghost (novice HuAE)
  2074 | D:5      | Killed Dominolapin's ghost
  2074 | D:5      | Reached skill level 6 in Spellcasting
  2172 | D:4      | Found a radiant altar of Vehumet.
  2173 | D:4      | Found a glowing silver altar of Zin.
  2315 | D:6      | Got a steaming dagger
  2316 | D:6      | Identified the cursed +0 dagger "Wiacis" {venom, rElec Int+4 Dex+7} (You found it on level 6 of the Dungeon)
  2387 | D:6      | Reached XP level 9. HP: 56/69 MP: 10/18
  2414 | D:7      | Reached skill level 6 in Fighting
  2414 | D:7      | Reached skill level 6 in Axes
  2414 | D:7      | Reached skill level 6 in Dodging
  2456 | D:7      | Reached skill level 4 in Short Blades
  2456 | D:7      | Reached skill level 4 in Long Blades
  2456 | D:7      | Reached skill level 4 in Maces & Flails
  2456 | D:7      | Reached skill level 4 in Polearms
  2456 | D:7      | Reached skill level 4 in Staves
  2456 | D:7      | Reached skill level 4 in Slings
  2456 | D:7      | Reached skill level 4 in Bows
  2456 | D:7      | Reached skill level 4 in Crossbows
  2456 | D:7      | Reached skill level 4 in Throwing
  2456 | D:7      | Reached skill level 4 in Stealth
  2456 | D:7      | Reached skill level 4 in Shields
  2456 | D:7      | Reached skill level 4 in Unarmed Combat
  2456 | D:7      | Reached skill level 4 in Conjurations
  2456 | D:7      | Reached skill level 4 in Hexes
  2456 | D:7      | Reached skill level 4 in Summonings
  2456 | D:7      | Reached skill level 4 in Necromancy
  2456 | D:7      | Reached skill level 4 in Translocations
  2456 | D:7      | Reached skill level 4 in Transmutations
  2456 | D:7      | Reached skill level 4 in Fire Magic
  2456 | D:7      | Reached skill level 4 in Ice Magic
  2456 | D:7      | Reached skill level 4 in Air Magic
  2456 | D:7      | Reached skill level 4 in Earth Magic
  2456 | D:7      | Reached skill level 4 in Poison Magic
  2456 | D:7      | Reached skill level 4 in Invocations
  2456 | D:7      | Reached skill level 4 in Evocations
  2483 | D:7      | Found Hetzueps's Antique Weapon Shoppe.
  2502 | D:7      | Reached skill level 5 in Armour
  2613 | D:7      | Reached skill level 8 in Charms
  2667 | D:8      | HP: 6/71 [scorpion (3)]
  2709 | D:8      | Noticed a two-headed ogre
  2910 | D:6      | Reached XP level 10. HP: 28/77 MP: 5/20
  2919 | D:6      | Reached skill level 7 in Spellcasting
  3129 | D:6      | Found a staircase to the Ecumenical Temple.
  3136 | Temple   | Entered the Ecumenical Temple
  3148 | Temple   | Became a worshipper of Cheibriados the Contemplative
  3288 | D:8      | Killed a two-headed ogre
  3288 | D:8      | Reached skill level 5 in Short Blades
  3288 | D:8      | Reached skill level 5 in Long Blades
  3288 | D:8      | Reached skill level 5 in Maces & Flails
  3288 | D:8      | Reached skill level 5 in Polearms
  3288 | D:8      | Reached skill level 5 in Staves
  3288 | D:8      | Reached skill level 5 in Slings
  3288 | D:8      | Reached skill level 5 in Bows
  3288 | D:8      | Reached skill level 5 in Crossbows
  3288 | D:8      | Reached skill level 5 in Throwing
  3288 | D:8      | Reached skill level 5 in Stealth
  3288 | D:8      | Reached skill level 5 in Shields
  3288 | D:8      | Reached skill level 5 in Unarmed Combat
  3288 | D:8      | Reached skill level 5 in Conjurations
  3288 | D:8      | Reached skill level 5 in Hexes
  3288 | D:8      | Reached skill level 5 in Summonings
  3288 | D:8      | Reached skill level 5 in Necromancy
  3288 | D:8      | Reached skill level 5 in Translocations
  3288 | D:8      | Reached skill level 5 in Transmutations
  3288 | D:8      | Reached skill level 5 in Fire Magic
  3288 | D:8      | Reached skill level 5 in Ice Magic
  3288 | D:8      | Reached skill level 5 in Air Magic
  3288 | D:8      | Reached skill level 5 in Earth Magic
  3288 | D:8      | Reached skill level 5 in Poison Magic
  3288 | D:8      | Reached skill level 5 in Invocations
  3288 | D:8      | Reached skill level 5 in Evocations
  3300 | D:8      | Noticed a two-headed ogre
  3307 | D:8      | Killed a two-headed ogre
  3307 | D:8      | Reached skill level 7 in Fighting
  3307 | D:8      | Reached skill level 7 in Axes
  3307 | D:8      | Reached skill level 7 in Dodging
  3362 | D:9      | Reached skill level 6 in Armour
  3374 | D:9      | Found a staircase to the Lair.
  3411 | D:9      | Found a runed door.
  3439 | D:9      | Found Qythrom's Book Shoppe.
  3440 | D:9      | Found Goevisea's Assorted Antiques.
  3441 | D:9      | Found Jeijie's Antique Weapon Shoppe.
  3447 | D:9      | Noticed a two-headed ogre
  3453 | D:9      | Killed a two-headed ogre
  3460 | D:9      | Found Cafur's Book Shoppe.
  3540 | D:9      | Reached * piety under Cheibriados
  3559 | D:10     | Entered Level 10 of the Dungeon
  3680 | D:10     | Found Pypauf's Food Emporium.
  3716 | D:10     | Noticed a two-headed ogre
  3725 | D:10     | Killed a two-headed ogre
  3725 | D:10     | Reached XP level 11. HP: 48/84 MP: 15/22
  3856 | D:9      | Reached ** piety under Cheibriados
  3857 | D:9      | Reached skill level 9 in Charms
  3859 | D:9      | Reached skill level 6 in Short Blades
  3859 | D:9      | Reached skill level 6 in Long Blades
  3859 | D:9      | Reached skill level 6 in Maces & Flails
  3859 | D:9      | Reached skill level 6 in Polearms
  3859 | D:9      | Reached skill level 6 in Staves
  3859 | D:9      | Reached skill level 6 in Slings
  3859 | D:9      | Reached skill level 6 in Bows
  3859 | D:9      | Reached skill level 6 in Crossbows
  3859 | D:9      | Reached skill level 6 in Throwing
  3859 | D:9      | Reached skill level 6 in Stealth
  3859 | D:9      | Reached skill level 6 in Shields
  3859 | D:9      | Reached skill level 6 in Unarmed Combat
  3859 | D:9      | Reached skill level 6 in Conjurations
  3859 | D:9      | Reached skill level 6 in Hexes
  3859 | D:9      | Reached skill level 6 in Summonings
  3859 | D:9      | Reached skill level 6 in Necromancy
  3859 | D:9      | Reached skill level 6 in Translocations
  3859 | D:9      | Reached skill level 6 in Transmutations
  3859 | D:9      | Reached skill level 6 in Fire Magic
  3859 | D:9      | Reached skill level 6 in Ice Magic
  3859 | D:9      | Reached skill level 6 in Air Magic
  3859 | D:9      | Reached skill level 6 in Earth Magic
  3859 | D:9      | Reached skill level 6 in Poison Magic
  3859 | D:9      | Reached skill level 6 in Invocations
  3859 | D:9      | Reached skill level 6 in Evocations
  3940 | Lair:1   | Entered Level 1 of the Lair of Beasts
  3940 | Lair:1   | Noticed an eight-headed hydra
  3945 | Lair:1   | Killed an eight-headed hydra
  3945 | Lair:1   | Reached skill level 8 in Spellcasting
  4021 | Lair:1   | Learned a level 1 spell: Animate Skeleton
  4026 | Lair:1   | Learned a level 4 spell: Animate Dead
  4031 | Lair:1   | Learned a level 4 spell: Control Undead
  4046 | Lair:1   | Noticed Sonja
  4055 | Lair:1   | Reached skill level 8 in Fighting
  4055 | Lair:1   | Reached skill level 8 in Axes
  4055 | Lair:1   | Reached skill level 7 in Armour
  4055 | Lair:1   | Reached skill level 8 in Dodging
  4056 | Lair:1   | HP: 3/86 [yak (10)]
  4061 | Lair:1   | HP: 1/86 [poisoned by Sonja (curare-tipped needle)]
  4064 | Lair:1   | Slain by a yak

Vault maps used:
D:1:      lightli_arrival_chessboard
D:2:      uniq_terence, uniq_natasha
D:3:      bloody_makhleb, first_bread, chequers_ecumenical_altar_island,
          uniq_jessica
D:4:      chequers_temple_overflow_minitemple, gammafunk_temple_overflow_statue
D:5:      gup_sewer_entry_spiral
D:6:      kennysheep_slugbush, minmay_temple_entry_overgrown
D:7:      serial_shops, nicolae_shop_overgrown_old_shop, the_bakery,
          fedhas_altar_2
D:9:      cheibrodos_helix_gallery, lair_entry_dummy, minmay_shop_grid_forest,
          dk_yredelemnul_ordeal
D:10:     serial_shops, kennysheep_mini_moat
Temple:   nicolae_temple_great_sept
Lair:1:   cheibrodos_lair_river_kwai, fungi_pond_lemuel, grunt_megastairs_3,
          infiniplex_staircase_pool_2, lemuel_fruit_tree, lemuel_fruit_fields,
          uniq_sonja
Sewer:    sewer_minmay_treatment

Skill      XL: |  1  2  3  4  5  6  7  8  9 10 11 |
---------------+----------------------------------+-----
Spellcasting   | 5 6 7 8 |  8.2
Short Blades   | 1 2 3 4 5 6 |  6.4
Long Blades    | 1 2 3 4 5 6 |  6.4
Maces & Flails | 1 2 3 4 5 6 |  6.4
Polearms       | 1 2 3 4 5 6 |  6.4
Staves         | 1 2 3 4 5 6 |  6.4
Slings         | 1 2 3 4 5 6 |  6.4
Bows           | 1 2 3 4 5 6 |  6.4
Crossbows      | 1 2 3 4 5 6 |  6.4
Throwing       | 1 2 3 4 5 6 |  6.4
Stealth        | 1 2 3 4 5 6 |  6.4
Shields        | 1 2 3 4 5 6 |  6.4
Unarmed Combat | 1 2 3 4 5 6 |  6.4
Conjurations   | 1 2 3 4 5 6 |  6.4
Hexes          | 1 2 3 4 5 6 |  6.4
Summonings     | 1 2 3 4 5 6 |  6.4
Necromancy     | 1 2 3 4 5 6 |  6.4
Translocations | 1 2 3 4 5 6 |  6.4
Transmutations | 1 2 3 4 5 6 |  6.4
Fire Magic     | 1 2 3 4 5 6 |  6.4
Ice Magic      | 1 2 3 4 5 6 |  6.4
Air Magic      | 1 2 3 4 5 6 |  6.4
Earth Magic    | 1 2 3 4 5 6 |  6.4
Poison Magic   | 1 2 3 4 5 6 |  6.4
Invocations    | 1 2 3 4 5 6 |  6.4
Evocations     | 1 2 3 4 5 6 |  6.4
Armour         | 3 4 5 6 7 |  7.0
Fighting       | 5 6 7 8 |  8.0
Axes           | 5 6 7 8 |  8.0
Dodging        | 5 6 7 8 |  8.0
Charms         | 7 8 9 |  9.3

Action                   |  1- 3 |  4- 6 |  7- 9 | 10-12 || total
-------------------------+-------+-------+-------+-------++-------
Melee: Hand axe          |    75 |    32 |       |       ||   107
       Bite              |     6 |     6 |    29 |    17 ||    58
       Morningstar       |       |    94 |   206 |       ||   300
       Punch             |       |     2 |     3 |     5 ||    10
       War axe           |       |       |    28 |   151 ||   179
 Cast: Infusion          |     6 |     2 |       |       ||     8
       Song of Slaying   |     3 |     9 |    15 |    11 ||    38
       Spectral Weapon   |     2 |     8 |    25 |    22 ||    57
       Regeneration      |     1 |     2 |    17 |    17 ||    37
       Shroud of Golubri |       |       |     4 |     4 ||     8
Invok: Bend Time         |       |       |       |     1 ||     1
Evoke: Wand              |       |       |       |     7 ||     7
  Use: Potion            |       |       |     4 |     4 ||     8
       Scroll            |       |       |     4 |     5 ||     9
 Stab: Sleeping          |       |     1 |     1 |       ||     2
       Distracted        |       |       |     3 |     2 ||     5
  Eat: Chunk             |       |     3 |     8 |     5 ||    16
Armor: Leather armour    |    22 |       |       |       ||    22
       Ring mail         |       |    37 |   115 |    34 ||   186
Dodge: Dodged            |    78 |    92 |   289 |   136 ||   595

Table legend:
 A = Spawn XP
 B = Non-spawn XP
 C = Spawn XP percentage of total XP
 D = Spawn monster count
 E = Non-spawn monster count
 F = Spawn count percentage of total count
 G = Total turns spent on level
                    A         B        C        D         E        F      G
               +---------+---------+-------+---------+---------+-------+---------
         Total |       0 |   15877 |   0.0 |       0 |     246 |   0.0 |  4064
               +---------+---------+-------+---------+---------+-------+---------
           D:1 |       0 |      58 |   0.0 |       0 |      25 |   0.0 |   525
           D:2 |       0 |      26 |   0.0 |       0 |       6 |   0.0 |    97
           D:3 |       0 |     102 |   0.0 |       0 |      12 |   0.0 |   243
           D:4 |       0 |     278 |   0.0 |       0 |      15 |   0.0 |   499
           D:5 |       0 |     817 |   0.0 |       0 |      16 |   0.0 |   578
           D:6 |       0 |    1267 |   0.0 |       0 |      39 |   0.0 |   606
           D:7 |       0 |    1471 |   0.0 |       0 |      17 |   0.0 |   225
           D:8 |       0 |    2369 |   0.0 |       0 |      10 |   0.0 |   165
           D:9 |       0 |    3409 |   0.0 |       0 |      35 |   0.0 |   372
          D:10 |       0 |    1600 |   0.0 |       0 |       8 |   0.0 |   234
        Lair:1 |       0 |    3764 |   0.0 |       0 |      14 |   0.0 |   124
         Sewer |       0 |     716 |   0.0 |       0 |      49 |   0.0 |   369
               +---------+---------+-------+---------+---------+-------+---------

Table legend:
 A = Turns spent in this place as a percentage of turns spent in the entire game.
 B = Non-inter-level travel turns spent in this place as a percentage of non-inter-level travel turns spent in the entire game.
 C = Inter-level travel turns spent in this place as a percentage of turns spent in this place.
 D = Turns resting spent in this place as a percentage of non-inter-level travel turns spent in this place.
 E = Turns spent auto-exploring this place as a percentage of non-inter-level travel turns spent in this place.
 F = Non-inter-level travel turns spent in this place divided by the number of levels of this place that you've seen.
                   A       B       C       D       E      F
               +-------+-------+-------+-------+-------+----------------------
         Total | 100.0 | 100.0 |   5.9 |   0.0 |   0.0 | 294.2
       Dungeon |  87.2 |  86.7 |   6.4 |   0.0 |   0.0 | 331.6
        Temple |   0.7 |   0.4 |  40.7 |   0.0 |   0.0 |  16.0
          Lair |   3.1 |   3.2 |   0.0 |   0.0 |   0.0 | 124.0
         Sewer |   9.1 |   9.6 |   0.0 |   0.0 |   0.0 | 369.0
               +-------+-------+-------+-------+-------+----------------------

Table legend:
 A = Kills in this place as a percentage of kills in entire the game.
 B = Kills by you in this place as a percentage of kills by you in the entire game.
 C = Kills by friends in this place as a percentage of kills by friends in the entire game.
 D = Other kills in this place as a percentage of other kills in the entire game.
 E = Experience gained in this place as a percentage of experience gained in the entire game.
 F = Experience gained in this place divided by the number of levels of this place that you have seen.
                   A       B       C       D       E      F
               +-------+-------+-------+-------+-------+----------------------
         Total | 100.0 | 100.0 |   N/A |   N/A | 100.0 | 1221.3
       Dungeon |  74.4 |  74.4 |   N/A |   N/A |  71.8 | 1139.7
          Lair |   5.7 |   5.7 |   N/A |   N/A |  23.7 | 3764.0
         Sewer |  19.9 |  19.9 |   N/A |   N/A |   4.5 | 716.0
               +-------+-------+-------+-------+-------+----------------------

Vault maps used:
D:1:      lightli_arrival_chessboard
D:2:      uniq_terence, uniq_natasha
D:3:      bloody_makhleb, first_bread, chequers_ecumenical_altar_island,
          uniq_jessica
D:4:      chequers_temple_overflow_minitemple, gammafunk_temple_overflow_statue
D:5:      gup_sewer_entry_spiral
D:6:      kennysheep_slugbush, minmay_temple_entry_overgrown
D:7:      serial_shops, nicolae_shop_overgrown_old_shop, the_bakery,
          fedhas_altar_2
D:9:      cheibrodos_helix_gallery, lair_entry_dummy, minmay_shop_grid_forest,
          dk_yredelemnul_ordeal
D:10:     serial_shops, kennysheep_mini_moat
Temple:   nicolae_temple_great_sept
Lair:1:   cheibrodos_lair_river_kwai, fungi_pond_lemuel, grunt_megastairs_3,
          infiniplex_staircase_pool_2, lemuel_fruit_tree, lemuel_fruit_fields,
          uniq_sonja
Sewer:    sewer_minmay_treatment
